Map: Triton LE

Players

Serral

  • Race: Zerg Zerg
  • League: Master
  • Spawn Location: 5:00

lIIllllIIlll (INnoVation) - Winner!

  • Race: Terran Terran
  • League: Master
  • Spawn Location: 11:00

Event: HomeStory Cup XX

VOD

Have the link to the VOD?

Description

Time

  • Played on: Nov. 24, 2019, 7:40 a.m.
  • Length: 8:01

All games in this series

Show
View Real Time Build Order
Export as new Build Order

Serral Zerg 

Build Orders: Hatch First 

Get SALT Encoding   

  12  0:00  Drone  
  13  0:12  Overlord  
  13  0:16  Drone  
  14  0:30  Drone x2  
  16  0:48  Hatchery  
  15  0:51  Drone  
  15  0:54  Drone  
  17  0:57  Drone  
  18  1:08  Extractor  
  17  1:13  Spawning Pool  
  17  1:16  Drone  
  17  1:20  Drone  
  18  1:28  Drone  
  19  1:38  Drone  
  20  1:49  Drone  
  21  1:59  Queen x2  
  21  2:00  Zergling x2  
  21  2:01  Zergling x2  
  27  2:17  Hatchery  
  27  2:18  Overlord  
  27  2:21  Drone  
  27  2:25  Drone  
  30  2:37  Metabolic Boost  
  30  2:39  Drone x2  
  30  2:40  Drone  
  31  2:45  Queen  
  31  2:49  Overlord  
  33  2:52  Drone  
  33  2:54  Drone  
  33  2:57  Drone  
  36  3:09  Drone x2  
  36  3:10  Drone x2  
  36  3:11  Drone  
  41  3:17  Drone  
  41  3:18  Drone  
  43  3:22  Queen  
  43  3:23  Extractor  
  43  3:25  Overlord  
  45  3:29  Drone x2  
  45  3:31  Queen  
  49  3:40  Drone, Roach Warren  
  49  3:41  Drone  
  50  3:47  Drone  
  50  3:48  Extractor x2  
  49  3:50  Zergling x2  
  49  3:51  Zergling x6  
  53  3:55  Overlord  
  53  4:02  Overlord x2  
  52  4:21  Roach x8  
  52  4:23  Roach  
  70  4:33  Roach  
  70  4:34  Roach x2  
  70  4:37  Overlord  
  75  4:45  Roach x3  
  79  4:50  Zergling x6  
  81  4:57  Ravager  
  81  4:58  Overlord  
  83  5:00  Zergling x6, Ravager  
  86  5:09  Overlord  
  86  5:11  Zergling x6  
  89  5:17  Overlord  
  88  5:23  Ravager x2  
  88  5:26  Zergling x2  
  88  5:27  Zergling x10  
  96  5:31  Zergling x2  
  96  5:32  Zergling x4  
  97  5:40  Zergling x8  
  94  5:47  Drone x2  
  89  5:50  Drone x2  
  89  5:56  Drone  
  83  5:59  Drone x2  
  83  6:04  Spore Crawler x2  
  77  6:06  Spore Crawler  
  77  6:07  Queen  
  70  6:14  Lair  
  70  6:18  Spore Crawler  
  69  6:20  Queen  
  69  6:22  Drone  
  69  6:23  Drone  
  71  6:28  Drone x3  
  71  6:31  Drone x2  
  76  6:35  Drone, Overlord  
  76  6:38  Drone  
  76  6:39  Drone  
  77  6:45  Drone  
  77  6:46  Drone x4  
  82  6:50  Queen  
  82  6:54  Spore Crawler  
  82  6:57  Queen  
  78  7:04  Drone  
  78  7:05  Drone  
  78  7:08  Drone  
  73  7:12  Spore Crawler  
  73  7:14  Drone  
  73  7:15  Spore Crawler  
  72  7:20  Queen  
  72  7:22  Drone x2  
  74  7:25  Drone  
  75  7:34  Spore Crawler  
  75  7:35  Spore Crawler x2  
  75  7:36  Spore Crawler  
  67  7:42  Drone x6  
  69  7:47  Spire  
Show
View Real Time Build Order
Export as new Build Order

lIIllllIIlll Terran - Winner!

Build Orders: Reaper Expand 

Get SALT Encoding   

  12  0:00  SCV  
  13  0:12  SCV  
  14  0:17  Supply Depot  
  14  0:24  SCV  
  15  0:38  SCV  
  15  0:40  Barracks  
  16  0:43  Refinery  
  16  0:50  SCV  
  17  1:02  SCV  
  18  1:14  SCV  
  19  1:27  Orbital Command, Reaper  
  20  1:38  Command Center  
  20  1:50  Supply Depot  
  20  1:52  SCV  
  21  1:58  Marine  
  22  2:04  SCV  
  23  2:10  Factory  
  23  2:12  Refinery  
  23  2:16  SCV  
  23  2:20  Barracks Reactor  
  24  2:28  SCV  
  25  2:41  SCV  
  26  2:50  Orbital Command  
  26  2:53  SCV  
  26  2:55  Starport, Refinery  
  27  3:05  Marine, SCV  
  29  3:07  Marine  
  30  3:14  Refinery  
  30  3:16  SCV  
  30  3:17  SCV  
  32  3:29  SCV x2  
  32  3:31  Fusion Core  
  32  3:32  Starport  
  33  3:36  Marine x2  
  35  3:41  SCV x2  
  37  3:49  Supply Depot  
  37  3:50  Starport Tech Lab  
  37  3:54  Marine x2  
  39  3:56  SCV x2  
  41  4:08  Starport Tech Lab  
  41  4:09  SCV x2  
  43  4:15  Supply Depot  
  43  4:21  Battlecruiser  
  51  4:28  SCV  
  48  4:39  Battlecruiser  
  48  4:46  SCV x2  
  48  4:47  Marine x2  
  52  4:56  Supply Depot  
  51  5:00  Bunker  
  51  5:01  Weapon Refit  
  51  5:06  Supply Depot  
  52  5:07  Marine x2  
  52  5:11  SCV x2  
  50  5:29  Battlecruiser  
  55  5:36  Marine  
  55  5:41  SCV x2  
  56  5:50  Marine  
  56  5:53  SCV x2  
  56  5:55  Orbital Command  
  44  6:06  SCV  
  37  6:12  Battlecruiser  
  42  6:26  Supply Depot  
  42  6:35  Supply Depot  
  42  6:47  SCV  
  42  6:51  Orbital Command  
  43  6:59  SCV  
  50  7:15  Supply Depot, SCV  
  50  7:16  Supply Depot  
  51  7:26  SCV  
  51  7:28  SCV  
  51  7:29  Supply Depot  
  53  7:36  Marine  
  54  7:45  SCV  
  54  7:46  SCV  
Tags
 
Add a new tag
Caveats
  • Supply blocks, unpowered buildings, or Contaminate may cause inaccurate times.
  • Supply counts are checked every 10 seconds.